 Dungeon Crawl Stone Soup version 0.29-a0-322-g68df515428 (webtiles) character file.

Game seed: 5181896902416818706

3 calli0pe the Slasher (level 1, 0/18 HPs)
             Began as a Human Cinder Acolyte on Apr 8, 2022.
             Was a High Priest of Ignis.
             Slain by a frilled lizard (2 damage)
             ... on level 2 of the Dungeon.
             The game lasted 00:01:11 (68 turns).

calli0pe the Slasher (Human Cinder Acolyte)           Turns: 68, Time: 00:01:11

Health: 0/18       AC:  2    Str: 14    XL:     1   Next: 55%
Magic:  2/2        EV: 11    Int: 14    God:    Ignis [*****.]
Gold:   0          SH:  0    Dex:  8    Spells: 2/2 levels left

rFire   + . .      SeeInvis .   a - -1 falchion (flame)
rCold   . . .      Faith    .   (no shield)
rNeg    . . .      Spirit   .   b - +0 robe
rPois   .          Reflect  .   (no helmet)
rElec   .          Harm     .   (no cloak)
rCorr   .          Rampage  .   (no gloves)
Will    .....                   (no boots)
Stlth   +.........              (no amulet)
HPRegen 0.06/turn               (no ring)
MPRegen 0.08/turn               (no ring)

@: no status effects
A: no striking features
a: Renounce Religion, Fiery Armour, Foxfire Swarm, Rising Flame


You were on level 2 of the Dungeon.
You worshipped Ignis.
Ignis was extremely pleased with you.
You visited 1 branch of the dungeon, and saw 2 of its levels.

Inventory:

Hand Weapons
 a - a -1 falchion of flaming (weapon)
Armour
 b - a +0 robe (worn)
Potions
 c - a potion of berserk rage {unknown}


   Skills:
 + Level 3.0 Fighting
 + Level 3.2 Long Blades
 + Level 1.0 Spellcasting
 + Level 3.0 Fire Magic


You had 2 spell levels left.
You didn't know any spells.
Your spell library contained the following spells:

 Spells                   Type           Power      Damage    Failure   Level
 Scorch                   Fire           18%        2d6       12%         2


Dungeon Overview and Level Annotations

Branches:
Dungeon (2/15)

Altars:


Message History

Ouch! That really hurt!
* * * LOW HITPOINT WARNING * * *
You barely miss the worm.
The worm is severely wounded.
You hit the worm but do no damage.
The worm is severely wounded.
The worm closely misses you.
You hit the worm. You burn the worm.
The worm is almost dead.
The worm bites you.
* * * LOW HITPOINT WARNING * * *
Unknown command.
You hit the worm. You burn the worm.
You kill the worm!
Why would you want to do that? Why would you want to do that?
Why would you want to do that? Why would you want to do that?
Why would you want to do that? Why would you want to do that?
You see here a +0 ring mail.
You see here a +0 ring mail.
Found an escape hatch in the floor.
c - a viscous dark potion
There is an escape hatch in the floor here.
You slide downwards.
The hatch slams shut behind you.
Found a stone staircase leading up.
A frilled lizard comes into view.
The frilled lizard hisses angrily.
There is a stone staircase leading up here.
A giant cockroach comes into view.
The frilled lizard barely misses you.
You miss the frilled lizard. The giant cockroach bites you.
* * * LOW HITPOINT WARNING * * *
The frilled lizard bites you.
* * * LOW HITPOINT WARNING * * *
The giant cockroach misses you.
You miss the frilled lizard. The giant cockroach barely misses you.
The frilled lizard bites you.
You die...

#..###.....
#....#..... ####
#......###.
....##..........
#...#.....####.
#.....## #..<.##
#.#.#######
..##@B...... #.#
#l####### #. #.#
# ... #.# #.#
#.# #..


You could see a giant cockroach and a frilled lizard.

Vanquished Creatures
  A worm (D:1)
1 creature vanquished.

Notes
Turn   | Place    | Note
-------+----------+-------------------------------------------
     0 | D:1      | calli0pe the Human Cinder Acolyte began the quest for the
                  | Orb.
     0 | D:1      | Reached XP level 1. HP: 18/18 MP: 2/2
    68 | D:2      | Slain by a frilled lizard

Illustrated notes

Levels and vault maps discovered:
D:1:      dpeg_arrival_brainrot, layout_rooms, minmay_3d_cube
D:2:      layout_loops_ring, basic_altar

Action                   || total
-------------------------++-------
Melee: Falchion          ||    10
Dodge: Dodged            ||     5

Table legend: (Time is in decaauts)
 A = Elapsed time spent in this place.
 B = Non-inter-level travel time spent in this place.
 C = Inter-level travel time spent in this place.
 D = Time resting spent in this place.
 E = Time spent auto-exploring this place.
 F = Levels seen in this place.
 G = Mean time per level.
                   A        B        C        D        E       F      G
               +--------+--------+--------+--------+--------+-----+--------+
         Total |     68 |     68 |      0 |      0 |      0 |   2 |   34.0 |
       Dungeon |     68 |     68 |      0 |      0 |      0 |   2 |   34.0 |
               +--------+--------+--------+--------+--------+-----+--------+

Top non-repeatable levels by time:
     D:1: 58 daAuts
     D:2: 10 daAuts
